 Dungeon Crawl Stone Soup version 0.23-a0-189-gc87c613 (webtiles) character file.

1083 Felrender the Slasher (level 8, -5/68 HPs)
             Began as a Minotaur Fighter on Sept 24, 2018.
             Was a Believer of Okawaru.
             Slain by Pikel
             ... wielding a +0 whip of electrocution
              (6 damage)
             ... on level 5 of the Dungeon.
             The game lasted 00:10:28 (3903 turns).

Felrender the Slasher (Minotaur Fighter)            Turns: 3903, Time: 00:10:29

Health: -5/68      AC: 17    Str: 23    XL:     8   Next: 8%
Magic:  7/7        EV:  5    Int:  5    God:    Okawaru [**....]
Gold:   233        SH: 10    Dex: 10    Spells: 7/7 levels left

rFire    . . .     SeeInvis .   a - +1 long sword
rCold    . . .     Gourm    .   c - +0 shield
rNeg     . . .     Faith    .   g - +2 plate armour
rPois    .         Spirit   .   (helmet restricted)
rElec    .         Reflect  .   (no cloak)
rCorr    .         Harm     .   (no gloves)
MR       .....                  o - +1 pair of boots
Stlth    ..........             (no amulet)
HPRegen  0.21/turn              (no ring)
MPRegen  0.10/turn              (no ring)

@: no status effects
A: retaliatory headbutt, horns 2
a: Heroism, Renounce Religion


You were on level 5 of the Dungeon.
You worshipped Okawaru.
Okawaru was pleased with you.
You were not hungry.

You visited 1 branch of the dungeon, and saw 5 of its levels.

You collected 233 gold pieces.

Inventory:

Hand Weapons
 a - a +1 long sword (weapon)
 j - a +0 mace of venom
Armour
 c - a +0 shield (worn)
 g - a +2 plate armour (worn)
 o - a +1 pair of boots (worn)
 p - a +0 pair of boots
Jewellery
 d - an uncursed ring of protection from fire {unknown}
Wands
 l - a wand of digging (11)
Scrolls
 b - a scroll of teleportation
 h - 2 scrolls of fear
 m - a scroll of enchant armour
 s - 3 scrolls of remove curse
 v - a scroll of fog
Potions
 e - 2 potions of berserk rage
 i - a potion of ambrosia {unknown}
 k - 2 potions of flight {unknown}
 q - 3 potions of curing
 r - a potion of brilliance {unknown}
 t - a potion of mutation {unknown}
Comestibles
 f - 3 rations
 n - 2 chunks of flesh


   Skills:
 + Level 5.0 Fighting
 + Level 7.3 Long Blades
 + Level 6.5 Armour
 + Level 1.0 Dodging
 + Level 1.0 Stealth
 + Level 6.7 Shields
 + Level 0.2 Invocations


You had 7 spell levels left.
You didn't know any spells.
Your spell library was empty.

Dungeon Overview and Level Annotations

Branches:
Dungeon (5/15)
 Temple: D:4-7

Altars:
Okawaru

Shops:
D:4 [

Annotations:
D:5 Pikel


Innate Abilities, Weirdness & Mutations

You reflexively headbutt those who attack you in melee.
You have a pair of horns on your head.


Message History

You slash Pikel! Your headbutt misses Pikel.
Pikel is almost dead.
The slave hits you but does no damage. x2; Pikel hits you but does no damage.
You are electrocuted!
* * * LOW HITPOINT WARNING * * *
You block the slave's attack.
You closely miss Pikel. Your headbutt misses Pikel.
Pikel is almost dead.
The slave hits you but does no damage. Pikel hits you but does no damage.
The slave hits you.
* * * LOW HITPOINT WARNING * * *
You block the slave's attack.
You hit Pikel.
Pikel is almost dead.
Pikel barely misses you. The slave closely misses you. You furiously retaliate!
You headbutt the slave. You block the slave's attack.
You closely miss Pikel.
Pikel is almost dead.
Pikel hits you with a whip of electrocution.
You die...

##. #..#.# #.#..#.#.
.... #..#.# #....#.#.
##..#+#..#.#####......
...$.....#..........#.
.p...p....##..###.....
..........##..# #.###.
#..p........#...#...
#..#.###.#####...#####.
#.....@Kp# ##### #.
#.....pp...# #.
#..........# #.
#..........# ##
............#
.##.........#
...........#
...........#


You could see Pikel and 3 slaves.

Vanquished Creatures
  Sigmund (D:2)
  A water moccasin (D:5)
  Duvessa (D:5)
  A phantom (D:4)
  Dowan (D:5)
  A howler monkey (D:4)
  7 orc wizards
  A bullfrog skeleton (D:4)
  A centaur skeleton (D:4)
  2 iguanas (D:4)
  4 worker ants
  A gnoll (D:1)
  2 adders
  2 oozes (D:4)
  2 worms
  A dart slug (D:1)
  4 leopard geckos
  13 orcs
  5 bats
  4 giant cockroaches
  7 goblins
  7 hobgoblins
  6 jackals
  5 kobolds
  2 ball pythons
  6 frilled lizards
  13 rats
101 creatures vanquished.

Vanquished Creatures (others)
  A jackal (D:1)
1 creature vanquished.

Grand Total: 102 creatures vanquished

Notes
Turn   | Place    | Note
-------+----------+-------------------------------------------
     0 | D:1      | Felrender the Minotaur Fighter began the quest for the Orb.
     0 | D:1      | Reached XP level 1. HP: 19/19 MP: 0/0
    75 | D:1      | Reached XP level 2. HP: 10/27 MP: 1/1
   850 | D:2      | Reached XP level 3. HP: 33/33 MP: 2/2
   920 | D:2      | Found an iron altar of Okawaru.
   926 | D:2      | Became a worshipper of Warmaster Okawaru
  1022 | D:2      | Reached skill level 3 in Long Blades
  1084 | D:2      | Noticed Sigmund
  1103 | D:2      | Killed Sigmund
  1103 | D:2      | Reached * piety under Okawaru
  1103 | D:2      | Reached skill level 4 in Long Blades
  1103 | D:2      | Reached skill level 5 in Shields
  1103 | D:2      | Reached XP level 4. HP: 35/41 MP: 3/3
  1103 | D:2      | Reached XP level 5. HP: 40/47 MP: 4/4
  2263 | D:3      | Reached skill level 5 in Long Blades
  2263 | D:3      | Reached XP level 6. HP: 53/53 MP: 5/5
  2713 | D:4      | Reached skill level 6 in Long Blades
  2713 | D:4      | Reached skill level 1 in Stealth
  2719 | D:4      | Reached skill level 5 in Armour
  2726 | D:4      | Reached XP level 7. HP: 43/60 MP: 3/6
  2750 | D:4      | Found Cidaeci's Armour Shop.
  2830 | D:4      | Reached ** piety under Okawaru
  3153 | D:4      | Reached skill level 7 in Long Blades
  3556 | D:5      | Entered Level 5 of the Dungeon
  3791 | D:5      | Noticed Duvessa
  3791 | D:5      | Noticed Dowan
  3808 | D:5      | Killed Duvessa
  3808 | D:5      | Reached skill level 5 in Fighting
  3808 | D:5      | Reached skill level 1 in Dodging
  3808 | D:5      | Reached XP level 8. HP: 65/68 MP: 7/7
  3812 | D:5      | Killed Dowan
  3882 | D:5      | Noticed Pikel
  3901 | D:5      | HP: 1/68 [slave[Pikel] (6)]
  3903 | D:5      | Slain by Pikel

Vault maps used:
D:1:      giann_horns
D:2:      lemuel_round_altar, uniq_sigmund
D:3:      grunt_ministairs_3, minivault_4
D:4:      serial_shops, shop, serial_bayou_pond_b, grunt_decor_cap
D:5:      first_ration, grunt_ministairs_15, uniq_duvessa, uniq_pikel

Skill      XL: |  1  2  3  4  5  6  7 |
---------------+----------------------+-----
Shields        | 4 5 6 |  6.7
Fighting       | 4 5 |  5.0
Armour         | 4 5 6 |  6.5
Long Blades    | 4 5 6 7 |  7.3
Stealth        | 1 |  1.0
Dodging        | 1 |  1.0
Invocations    | |  0.2

Action                   |  1- 3 |  4- 6 |  7- 9 || total
-------------------------+-------+-------+-------++-------
Melee: Long sword        |    91 |   127 |    93 ||   311
       Headbutt          |    13 |    19 |    24 ||    56
Invok: Heroism           |       |     1 |     2 ||     3
  Use: Scroll            |     6 |     5 |     2 ||    13
       Potion            |       |       |     1 ||     1
  Eat: Chunk             |     1 |     5 |     2 ||     8
       Ration            |       |       |     1 ||     1
Armor: Scale mail        |    19 |       |       ||    19
       Plate armour      |    42 |    63 |    67 ||   172
Dodge: Dodged            |    37 |    14 |    28 ||    79
Block: Shield            |    64 |    65 |    53 ||   182
       Rpst.: Long sword |    11 |     5 |     5 ||    21

Table legend:
 A = Non-vault XP
 B = Vault XP
 C = Vault XP percentage of total XP
 D = Non-vault monster count
 E = Vault monster count
 F = Vault count percentage of total count
                 A         B        C        D         E       F
            +---------+---------+-------+---------+---------+-------
      Total |    1023 |     525 |  33.9 |      95 |       7 |   6.9
            +---------+---------+-------+---------+---------+-------
        D:1 |      34 |       0 |   0.0 |      13 |       0 |   0.0
        D:2 |      66 |     220 |  76.9 |      31 |       1 |   3.1
        D:3 |     188 |       3 |   1.6 |      28 |       2 |   6.7
        D:4 |     554 |      72 |  11.5 |      21 |       2 |   8.7
        D:5 |     181 |     230 |  56.0 |       2 |       2 |  50.0
            +---------+---------+-------+---------+---------+-------
